[ AOE2 MATCH · #474384047 ]
UnrankedAztecs vs Italians
[ REPLAY ANALYSIS · EXTRACTED FROM THE RECORDED GAME ]
Feudal
—
Castle
—
Imperial
—
| APM avg | 58.7 |
| APM peak | 164 |
| eAPM avg | 58.2 |
| Villagers / military | 349 / 2122 |
Focus
⚔️ 58.0% · 🌾 42.0%
Eagle Scout ×936 · Jaguar Warrior ×659 · Scorpion ×225 · Mangonel ×219 · Trade Cart ×178 · Battering Ram ×78
Feudal
—
Castle
—
Imperial
—
| APM avg | 41.2 |
| APM peak | 89 |
| eAPM avg | 39.9 |
| Villagers / military | 408 / 1916 |
Focus
⚔️ 59.9% · 🌾 40.1%
Battle Elephant ×1492 · Trade Cart ×198 · Archer ×175 · Scorpion ×154 · Bombard Cannon ×66 · Mangonel ×15
Feudal
—
Castle
—
Imperial
—
| APM avg | 66.8 |
| APM peak | 250 |
| eAPM avg | 64.3 |
| Villagers / military | 405 / 920 |
Focus
⚔️ 42.1% · 🌾 57.9%
Knight ×580 · Throwing Axeman ×220 · Trade Cart ×148 · Scorpion ×70 · Mangonel ×25 · Bombard Cannon ×10
Feudal
—
Castle
—
Imperial
—
| APM avg | 45.5 |
| APM peak | 241 |
| eAPM avg | 44.1 |
| Villagers / military | 259 / 1870 |
Focus
⚔️ 54.1% · 🌾 45.9%
Spearman ×949 · Centurion ×482 · Scorpion ×260 · Trade Cart ×190 · Militia ×127 · Mangonel ×43
Feudal
—
Castle
—
Imperial
—
| APM avg | 35.0 |
| APM peak | 70 |
| eAPM avg | 31.2 |
| Villagers / military | 194 / 1153 |
Focus
⚔️ 60.0% · 🌾 40.0%
Knight ×267 · Scout Cavalry ×247 · Unknown (882) ×221 · Hand Cannoneer ×197 · Bombard Cannon ×113 · Trade Cart ×73
Feudal
—
Castle
—
Imperial
—
| APM avg | 30.0 |
| APM peak | 60 |
| eAPM avg | 27.5 |
| Villagers / military | 218 / 1587 |
Focus
⚔️ 45.9% · 🌾 54.1%
Camel Scout ×1505 · Trade Cart ×116 · Chakram Thrower ×36 · Bombard Cannon ×19 · Mangonel ×16 · Armored Elephant ×11
Match map
Initial resources + every placement click. Lines = walls · curves = elevation contours. ◆ gold · ⬟ stone · ● berries · ✦ relic · ◌ wall gap
Your base· ✓ Map-separated
Animality's base· ✓ Map-separated
HarD's base· ✓ Map-separated
風速蛋蛋's base· ✓ Map-separated
Sneaky Turtle's base· ✓ Map-separated
Chim Cu Đi Tắm's base· ✓ Map-separated
Smoothed initial terrain · ◌ = detected wall gap · hover for details
Inputs per minute
— ANCIANO - - Animality
Build order — ANCIANO
First 150 of 1247 actions detected
| 0:03 | Create | Villager (Male) ×5 |
| 0:03 | Create | Villager (Male) ×5 |
| 0:04 | Create | Villager (Male) ×5 |
| 0:04 | Create | Villager (Male) ×5 |
| 0:04 | Create | Villager (Male) ×5 |
| 0:11 | Build | Market |
| 0:37 | Build | Town Center |
| 0:37 | Build | Town Center |
| 0:37 | Build | Town Center |
| 0:38 | Build | Town Center |
| 0:38 | Build | Town Center |
| 0:38 | Build | Town Center |
| 0:39 | Build | Town Center |
| 0:39 | Build | Town Center |
| 0:50 | Build | Town Center |
| 0:51 | Build | Town Center |
| 0:52 | Build | Town Center |
| 0:52 | Build | Town Center |
| 0:57 | Build | Town Center |
| 0:59 | Build | Town Center |
| 0:59 | Build | Town Center |
| 1:00 | Build | Town Center |
| 1:06 | Build | Town Center |
| 1:07 | Build | Town Center |
| 1:07 | Build | Town Center |
| 1:07 | Build | Town Center |
| 1:08 | Build | Town Center |
| 1:15 | Build | Town Center |
| 1:17 | Build | Town Center |
| 1:24 | Build | Town Center |
| 1:25 | Build | Town Center |
| 1:27 | Build | Town Center |
| 1:29 | Build | Town Center |
| 1:31 | Build | Town Center |
| 1:45 | Build | House |
| 1:47 | Build | House |
| 1:48 | Build | House |
| 1:48 | Build | House |
| 1:48 | Build | House |
| 1:49 | Build | House |
| 1:49 | Build | House |
| 1:49 | Build | House |
| 1:49 | Build | House |
| 1:50 | Build | House |
| 1:50 | Build | House |
| 1:50 | Build | House |
| 1:51 | Build | House |
| 1:51 | Build | House |
| 1:51 | Build | House |
| 1:53 | Build | House |
| 1:54 | Build | House |
| 1:54 | Build | House |
| 1:55 | Build | House |
| 1:55 | Build | House |
| 1:55 | Build | House |
| 1:56 | Build | House |
| 1:56 | Build | House |
| 1:56 | Build | House |
| 1:57 | Build | House |
| 1:59 | Build | House |
| 2:00 | Build | House |
| 2:00 | Build | House |
| 2:00 | Build | House |
| 2:01 | Build | House |
| 2:01 | Build | House |
| 2:01 | Build | House |
| 2:20 | Create | Villager (Male) |
| 2:20 | Create | Villager (Male) |
| 2:20 | Create | Villager (Male) |
| 2:20 | Create | Villager (Male) ×5 |
| 2:21 | Create | Villager (Male) ×5 |
| 2:22 | Create | Villager (Male) ×5 |
| 2:22 | Create | Villager (Male) ×5 |
| 2:22 | Create | Villager (Male) ×5 |
| 2:22 | Create | Villager (Male) ×5 |
| 2:23 | Create | Villager (Male) ×5 |
| 2:23 | Create | Villager (Male) ×5 |
| 2:23 | Create | Villager (Male) ×5 |
| 2:24 | Create | Villager (Male) ×5 |
| 2:30 | Build | Town Center |
| 2:32 | Build | Town Center |
| 2:34 | Build | Town Center |
| 2:38 | Build | Town Center |
| 2:40 | Build | Town Center |
| 2:42 | Build | Town Center |
| 2:52 | Build | Market |
| 2:55 | Build | Market |
| 2:59 | Build | Market |
| 3:01 | Build | Market |
| 3:02 | Build | Market |
| 3:12 | Build | Market |
| 3:14 | Build | Market |
| 3:16 | Build | Market |
| 3:17 | Build | Market |
| 3:31 | Build | Market |
| 3:34 | Build | Market |
| 3:37 | Build | Market |
| 3:39 | Build | Market |
| 3:41 | Build | Market |
| 3:43 | Build | Market |
| 3:47 | Build | Market |
| 3:48 | Build | Market |
| 3:51 | Build | Market |
| 3:55 | Build | Market |
| 3:56 | Build | Market |
| 3:59 | Build | Market |
| 4:03 | Build | Market |
| 4:16 | Create | Villager (Male) |
| 4:17 | Create | Villager (Male) |
| 4:18 | Create | Villager (Male) ×5 |
| 4:18 | Create | Villager (Male) ×5 |
| 4:18 | Create | Villager (Male) ×5 |
| 4:18 | Create | Villager (Male) ×5 |
| 4:19 | Create | Villager (Male) ×5 |
| 4:19 | Create | Villager (Male) ×5 |
| 4:19 | Create | Villager (Male) ×5 |
| 4:20 | Create | Villager (Male) ×5 |
| 4:20 | Create | Villager (Male) ×5 |
| 4:20 | Create | Villager (Male) ×5 |
| 4:20 | Create | Villager (Male) ×5 |
| 4:21 | Create | Villager (Male) ×5 |
| 4:24 | Create | Villager (Male) ×5 |
| 4:24 | Create | Villager (Male) ×5 |
| 4:24 | Create | Villager (Male) ×5 |
| 4:24 | Create | Villager (Male) ×5 |
| 4:25 | Create | Villager (Male) ×5 |
| 4:46 | Build | House |
| 4:48 | Build | House |
| 4:48 | Build | House |
| 4:48 | Build | House |
| 4:49 | Build | House |
| 4:49 | Build | House |
| 4:49 | Build | House |
| 4:50 | Build | House |
| 4:50 | Build | House |
| 4:50 | Build | House |
| 4:50 | Build | House |
| 4:51 | Build | House |
| 4:51 | Build | House |
| 4:51 | Build | House |
| 4:52 | Build | House |
| 4:52 | Build | House |
| 4:52 | Build | House |
| 4:52 | Build | House |
| 4:53 | Build | House |
| 4:53 | Build | House |
| 4:53 | Build | House |
| 4:54 | Build | House |
| 4:54 | Build | House |
| 4:56 | Build | House |
Build order — Animality
First 150 of 921 actions detected
| 0:01 | Create | Villager (Male) ×5 |
| 0:01 | Create | Villager (Male) ×5 |
| 0:01 | Create | Villager (Male) ×5 |
| 0:03 | Build | Town Center |
| 0:06 | Build | Town Center |
| 0:07 | Build | Town Center |
| 0:09 | Build | Town Center |
| 0:10 | Build | Town Center |
| 0:13 | Build | Town Center |
| 0:14 | Build | Town Center |
| 0:16 | Build | Town Center |
| 0:22 | Build | Market |
| 0:26 | Create | Villager (Male) |
| 0:30 | Build | Town Center |
| 0:33 | Build | Town Center |
| 0:40 | Build | Town Center |
| 0:42 | Create | Villager (Male) ×5 |
| 0:43 | Create | Villager (Male) ×5 |
| 0:43 | Create | Villager (Male) ×5 |
| 0:45 | Build | Town Center |
| 0:48 | Build | Town Center |
| 0:50 | Build | Town Center |
| 0:52 | Create | Villager (Male) |
| 0:55 | Build | Town Center |
| 0:58 | Build | Town Center |
| 1:01 | Build | Town Center |
| 1:02 | Create | Villager (Male) ×5 |
| 1:02 | Create | Villager (Male) ×5 |
| 1:03 | Create | Villager (Male) ×5 |
| 1:03 | Create | Villager (Male) ×5 |
| 1:03 | Create | Villager (Male) ×5 |
| 1:04 | Create | Villager (Male) ×5 |
| 1:05 | Create | Villager (Male) ×5 |
| 1:05 | Create | Villager (Male) ×5 |
| 1:05 | Create | Villager (Male) ×5 |
| 1:06 | Create | Villager (Male) ×5 |
| 1:09 | Create | Villager (Male) ×5 |
| 1:09 | Create | Villager (Male) ×5 |
| 1:10 | Create | Villager (Male) ×5 |
| 1:10 | Create | Villager (Male) ×5 |
| 1:12 | Build | Town Center |
| 1:14 | Create | Villager (Male) ×5 |
| 1:14 | Create | Villager (Male) ×5 |
| 1:14 | Create | Villager (Male) ×5 |
| 1:16 | Create | Villager (Male) ×5 |
| 1:16 | Create | Villager (Male) ×5 |
| 1:17 | Create | Villager (Male) ×5 |
| 1:17 | Create | Villager (Male) ×5 |
| 1:18 | Create | Villager (Male) ×2 |
| 1:21 | Build | Town Center |
| 1:23 | Build | Town Center |
| 1:27 | Create | Villager (Male) ×5 |
| 1:27 | Create | Villager (Male) ×5 |
| 1:27 | Create | Villager (Male) ×5 |
| 1:28 | Create | Villager (Male) ×3 |
| 1:33 | Build | Town Center |
| 1:36 | Build | Town Center |
| 1:39 | Build | Town Center |
| 1:42 | Build | Town Center |
| 1:43 | Create | Villager (Male) ×5 |
| 1:43 | Create | Villager (Male) ×5 |
| 1:44 | Create | Villager (Male) ×5 |
| 1:44 | Create | Villager (Male) ×5 |
| 1:44 | Create | Villager (Male) |
| 1:47 | Build | Town Center |
| 1:49 | Build | Town Center |
| 1:52 | Create | Villager (Male) ×2 |
| 1:52 | Create | Villager (Male) |
| 1:54 | Build | Town Center |
| 1:57 | Build | Town Center |
| 2:00 | Build | Town Center |
| 2:01 | Create | Villager (Male) ×5 |
| 2:02 | Create | Villager (Male) ×5 |
| 2:02 | Create | Villager (Male) ×5 |
| 2:02 | Create | Villager (Male) ×5 |
| 2:02 | Create | Villager (Male) ×5 |
| 2:03 | Create | Villager (Male) ×5 |
| 2:03 | Create | Villager (Male) ×5 |
| 2:04 | Create | Villager (Male) ×5 |
| 2:04 | Create | Villager (Male) ×5 |
| 2:04 | Create | Villager (Male) ×5 |
| 2:04 | Create | Villager (Male) ×5 |
| 2:05 | Create | Villager (Male) ×5 |
| 2:05 | Create | Villager (Male) ×5 |
| 2:05 | Create | Villager (Male) ×5 |
| 2:10 | Build | Market |
| 2:13 | Build | Market |
| 2:15 | Build | Market |
| 2:16 | Build | Market |
| 2:16 | Build | Market |
| 2:17 | Build | Market |
| 2:18 | Build | Market |
| 2:19 | Build | Market |
| 2:21 | Build | Market |
| 2:21 | Build | Market |
| 2:24 | Build | Market |
| 2:25 | Build | Market |
| 2:26 | Build | Market |
| 2:26 | Build | Market |
| 2:27 | Build | Market |
| 2:30 | Create | Villager (Male) ×5 |
| 2:30 | Create | Villager (Male) ×5 |
| 2:30 | Create | Villager (Male) ×5 |
| 2:31 | Create | Villager (Male) ×5 |
| 2:31 | Create | Villager (Male) ×5 |
| 2:32 | Create | Villager (Male) ×5 |
| 2:33 | Create | Villager (Male) ×5 |
| 2:33 | Create | Villager (Male) ×5 |
| 2:33 | Create | Villager (Male) ×5 |
| 2:34 | Create | Villager (Male) ×5 |
| 2:34 | Create | Villager (Male) ×5 |
| 2:34 | Create | Villager (Male) ×5 |
| 2:35 | Create | Villager (Male) ×5 |
| 2:35 | Create | Villager (Male) ×5 |
| 2:35 | Create | Villager (Male) ×5 |
| 2:36 | Create | Villager (Male) ×5 |
| 2:36 | Create | Villager (Male) ×5 |
| 2:36 | Create | Villager (Male) ×5 |
| 2:36 | Create | Villager (Male) ×5 |
| 2:37 | Create | Villager (Male) ×5 |
| 2:37 | Create | Villager (Male) ×5 |
| 2:42 | Build | Lumber Camp |
| 2:45 | Create | Villager (Male) ×5 |
| 2:45 | Create | Villager (Male) ×5 |
| 2:45 | Create | Villager (Male) ×5 |
| 2:45 | Create | Villager (Male) ×5 |
| 2:46 | Create | Villager (Male) ×5 |
| 2:48 | Build | Farm |
| 2:49 | Build | Farm |
| 2:51 | Build | Farm |
| 2:53 | Build | Farm |
| 2:57 | Build | Lumber Camp |
| 3:01 | Build | House |
| 3:02 | Build | House |
| 3:05 | Build | House |
| 3:05 | Build | House |
| 3:07 | Build | House |
| 3:08 | Build | House |
| 3:09 | Build | House |
| 3:10 | Build | House |
| 3:11 | Build | House |
| 3:12 | Build | House |
| 3:15 | Build | House |
| 3:17 | Build | House |
| 3:17 | Build | House |
| 3:19 | Build | House |
| 3:19 | Build | House |
| 3:21 | Build | House |
| 3:22 | Build | House |
| 3:23 | Build | House |
Build order — HarD
First 150 of 872 actions detected
| 0:01 | Create | Villager (Male) |
| 0:02 | Create | Villager (Male) |
| 0:02 | Create | Villager (Male) |
| 0:03 | Build | Town Center |
| 0:05 | Build | Town Center |
| 0:06 | Build | Town Center |
| 0:07 | Build | Town Center |
| 0:08 | Build | Town Center |
| 0:10 | Build | Town Center |
| 0:12 | Build | Town Center |
| 0:14 | Build | Town Center |
| 0:15 | Build | Town Center |
| 0:22 | Create | Villager (Male) ×5 |
| 0:22 | Create | Villager (Male) ×5 |
| 0:37 | Build | Market |
| 0:39 | Build | Market |
| 0:40 | Create | Villager (Male) ×3 |
| 0:55 | Build | Town Center |
| 1:09 | Build | Town Center |
| 1:10 | Build | Town Center |
| 1:12 | Build | Town Center |
| 1:15 | Build | Town Center |
| 1:16 | Build | Town Center |
| 1:19 | Build | Town Center |
| 1:21 | Build | Town Center |
| 1:23 | Build | Town Center |
| 1:26 | Build | Town Center |
| 1:27 | Build | Town Center |
| 1:28 | Create | Villager (Male) ×5 |
| 1:28 | Create | Villager (Male) ×5 |
| 1:29 | Create | Villager (Male) ×5 |
| 1:29 | Create | Villager (Male) ×5 |
| 1:34 | Create | Villager (Male) ×5 |
| 1:34 | Create | Villager (Male) ×5 |
| 1:34 | Create | Villager (Male) ×5 |
| 1:47 | Build | Town Center |
| 1:48 | Create | Villager (Male) ×5 |
| 1:49 | Create | Villager (Male) ×5 |
| 1:49 | Create | Villager (Male) ×5 |
| 1:55 | Build | Town Center |
| 1:58 | Build | Town Center |
| 2:01 | Build | Town Center |
| 2:02 | Create | Villager (Male) ×5 |
| 2:02 | Create | Villager (Male) ×5 |
| 2:04 | Build | Town Center |
| 2:07 | Build | Town Center |
| 2:10 | Create | Villager (Male) ×5 |
| 2:10 | Create | Villager (Male) ×5 |
| 2:11 | Create | Villager (Male) ×5 |
| 2:11 | Create | Villager (Male) ×5 |
| 2:11 | Create | Villager (Male) ×5 |
| 2:12 | Create | Villager (Male) ×5 |
| 2:18 | Build | Town Center |
| 2:20 | Build | Town Center |
| 2:23 | Build | Town Center |
| 2:24 | Create | Villager (Male) ×5 |
| 2:24 | Create | Villager (Male) ×5 |
| 2:27 | Build | Town Center |
| 2:29 | Build | Town Center |
| 2:32 | Build | Town Center |
| 2:33 | Create | Villager (Male) ×5 |
| 2:33 | Create | Villager (Male) ×5 |
| 2:34 | Build | Town Center |
| 2:36 | Build | Town Center |
| 2:37 | Create | Villager (Male) ×5 |
| 2:38 | Create | Villager (Male) ×5 |
| 2:38 | Create | Villager (Male) ×5 |
| 2:38 | Create | Villager (Male) ×5 |
| 2:40 | Build | Town Center |
| 2:43 | Build | Town Center |
| 2:46 | Build | Town Center |
| 2:47 | Create | Villager (Male) ×5 |
| 2:48 | Create | Villager (Male) ×5 |
| 2:48 | Create | Villager (Male) ×5 |
| 2:48 | Create | Villager (Male) ×5 |
| 2:49 | Create | Villager (Male) ×5 |
| 2:56 | Build | House |
| 2:57 | Build | House |
| 2:57 | Build | House |
| 2:57 | Build | House |
| 2:57 | Build | House |
| 2:58 | Build | House |
| 2:58 | Build | House |
| 2:58 | Build | House |
| 2:58 | Build | House |
| 2:58 | Build | House |
| 2:58 | Build | House |
| 2:58 | Build | House |
| 2:58 | Build | House |
| 2:58 | Build | House |
| 2:58 | Build | House |
| 2:58 | Build | House |
| 2:58 | Build | House |
| 2:58 | Build | House |
| 2:58 | Build | House |
| 2:59 | Build | House |
| 3:00 | Build | House |
| 3:00 | Build | House |
| 3:00 | Build | House |
| 3:00 | Build | House |
| 3:04 | Create | Villager (Male) ×5 |
| 3:05 | Create | Villager (Male) ×5 |
| 3:05 | Create | Villager (Male) ×5 |
| 3:57 | Build | Lumber Camp |
| 3:58 | Build | Lumber Camp |
| 3:59 | Build | Lumber Camp |
| 4:01 | Build | Lumber Camp |
| 4:02 | Build | Lumber Camp |
| 4:04 | Build | Lumber Camp |
| 4:07 | Build | Lumber Camp |
| 4:09 | Build | Lumber Camp |
| 4:11 | Build | Lumber Camp |
| 4:14 | Build | Lumber Camp |
| 4:19 | Build | Farm |
| 4:20 | Create | Villager (Male) ×5 |
| 4:21 | Create | Villager (Male) ×5 |
| 4:21 | Create | Villager (Male) ×5 |
| 4:21 | Create | Villager (Male) ×5 |
| 4:22 | Create | Villager (Male) ×5 |
| 4:30 | Build | House |
| 4:31 | Build | House |
| 4:31 | Build | House |
| 4:32 | Build | House |
| 4:32 | Build | House |
| 4:32 | Build | House |
| 4:32 | Build | House |
| 4:32 | Build | House |
| 4:32 | Build | House |
| 4:32 | Build | House |
| 4:32 | Build | House |
| 4:32 | Build | House |
| 4:32 | Build | House |
| 4:32 | Build | House |
| 4:34 | Build | House |
| 4:35 | Build | House |
| 4:35 | Build | House |
| 4:35 | Build | House |
| 4:35 | Build | House |
| 4:35 | Build | House |
| 4:35 | Build | House |
| 4:35 | Build | House |
| 4:35 | Build | House |
| 4:35 | Build | House |
| 4:35 | Build | House |
| 4:35 | Build | House |
| 4:36 | Build | House |
| 4:36 | Build | House |
| 4:36 | Build | House |
| 4:36 | Build | House |
| 4:36 | Build | House |
Build order — 風速蛋蛋
First 150 of 847 actions detected
| 0:03 | Create | Villager (Male) |
| 0:03 | Create | Villager (Male) ×5 |
| 0:04 | Create | Villager (Male) ×5 |
| 0:04 | Create | Villager (Male) ×5 |
| 0:04 | Create | Villager (Male) ×5 |
| 0:04 | Create | Villager (Male) ×5 |
| 0:04 | Create | Villager (Male) ×4 |
| 0:14 | Build | Town Center |
| 0:17 | Build | Town Center |
| 0:19 | Build | Town Center |
| 0:22 | Build | Town Center |
| 0:26 | Build | Town Center |
| 0:28 | Build | Town Center |
| 0:33 | Build | Town Center |
| 0:37 | Build | Town Center |
| 0:40 | Build | Town Center |
| 0:59 | Build | Town Center |
| 0:59 | Build | Town Center |
| 1:00 | Build | Town Center |
| 1:01 | Build | Town Center |
| 1:01 | Build | Town Center |
| 1:02 | Build | Town Center |
| 1:02 | Build | Town Center |
| 1:02 | Build | Town Center |
| 1:02 | Build | Town Center |
| 1:03 | Build | Town Center |
| 1:03 | Build | Town Center |
| 1:03 | Build | Town Center |
| 1:03 | Build | Town Center |
| 1:03 | Build | Town Center |
| 1:04 | Build | Town Center |
| 1:09 | Build | Town Center |
| 1:09 | Build | Town Center |
| 1:09 | Build | Town Center |
| 1:09 | Build | Town Center |
| 1:09 | Build | Town Center |
| 1:10 | Build | Town Center |
| 1:10 | Build | Town Center |
| 1:11 | Build | Town Center |
| 1:11 | Build | Town Center |
| 1:11 | Build | Town Center |
| 1:17 | Build | Town Center |
| 1:21 | Build | Town Center |
| 1:22 | Build | Town Center |
| 1:22 | Build | Town Center |
| 1:22 | Build | Town Center |
| 1:22 | Build | Town Center |
| 1:22 | Build | Town Center |
| 1:29 | Create | Villager (Male) |
| 1:29 | Create | Villager (Male) |
| 1:30 | Create | Villager (Male) |
| 1:30 | Create | Villager (Male) ×5 |
| 2:17 | Create | Villager (Male) |
| 2:18 | Create | Villager (Male) ×5 |
| 2:41 | Build | Market |
| 2:41 | Build | Market |
| 2:41 | Build | Market |
| 2:41 | Build | Market |
| 2:41 | Build | Market |
| 2:42 | Build | Market |
| 2:42 | Build | Market |
| 2:42 | Build | Market |
| 2:42 | Build | Market |
| 2:42 | Build | Market |
| 2:43 | Build | Market |
| 2:43 | Build | Market |
| 2:51 | Build | Market |
| 2:51 | Build | Market |
| 2:52 | Build | Market |
| 2:52 | Build | Market |
| 2:53 | Build | Market |
| 2:53 | Build | Market |
| 2:53 | Build | Market |
| 2:53 | Build | Market |
| 2:54 | Build | Market |
| 2:54 | Build | Market |
| 2:54 | Build | Market |
| 3:00 | Build | Market |
| 3:05 | Build | Lumber Camp |
| 3:09 | Create | Villager (Male) |
| 3:09 | Create | Villager (Male) ×5 |
| 3:09 | Create | Villager (Male) ×5 |
| 3:17 | Build | House |
| 3:17 | Build | House |
| 3:18 | Build | House |
| 3:18 | Build | House |
| 3:18 | Build | House |
| 3:18 | Build | House |
| 3:18 | Build | House |
| 3:19 | Build | House |
| 3:19 | Build | House |
| 3:19 | Build | House |
| 3:19 | Build | House |
| 3:19 | Build | House |
| 3:20 | Build | House |
| 3:20 | Build | House |
| 3:20 | Build | House |
| 3:20 | Build | House |
| 3:21 | Build | House |
| 3:21 | Build | House |
| 3:21 | Build | House |
| 3:21 | Build | House |
| 3:22 | Build | House |
| 3:22 | Build | House |
| 3:22 | Build | House |
| 3:22 | Build | House |
| 3:23 | Build | House |
| 3:23 | Build | House |
| 3:23 | Build | House |
| 3:24 | Build | House |
| 3:24 | Build | House |
| 3:24 | Build | House |
| 3:35 | Build | Lumber Camp |
| 3:38 | Create | Villager (Male) |
| 3:38 | Create | Villager (Male) ×5 |
| 3:39 | Create | Villager (Male) ×5 |
| 4:02 | Build | Market |
| 4:03 | Build | Market |
| 4:06 | Build | Market |
| 4:09 | Build | Mining Camp |
| 4:15 | Build | Lumber Camp |
| 4:33 | Create | Villager (Male) |
| 4:34 | Create | Villager (Male) ×5 |
| 4:34 | Create | Villager (Male) ×5 |
| 4:34 | Create | Villager (Male) ×5 |
| 4:34 | Create | Villager (Male) ×5 |
| 4:35 | Create | Villager (Male) ×5 |
| 4:35 | Create | Villager (Male) ×5 |
| 5:29 | Build | Castle |
| 5:35 | Build | Castle |
| 5:44 | Build | Castle |
| 5:49 | Create | Trade Cart ×5 |
| 5:49 | Create | Trade Cart ×5 |
| 5:50 | Create | Trade Cart ×5 |
| 5:50 | Create | Trade Cart ×5 |
| 5:50 | Create | Trade Cart ×5 |
| 5:50 | Create | Trade Cart ×5 |
| 5:51 | Create | Trade Cart ×5 |
| 5:55 | Create | Trade Cart ×5 |
| 5:55 | Create | Trade Cart ×5 |
| 5:55 | Create | Trade Cart ×5 |
| 5:56 | Create | Trade Cart ×5 |
| 5:56 | Create | Trade Cart ×5 |
| 5:56 | Create | Trade Cart ×5 |
| 6:09 | Build | House |
| 6:09 | Build | House |
| 6:10 | Build | House |
| 6:13 | Build | House |
| 6:13 | Build | House |
| 6:13 | Build | House |
Build order — Sneaky Turtle
First 150 of 799 actions detected
| 0:08 | Build | Town Center |
| 0:09 | Build | Town Center |
| 0:09 | Build | Town Center |
| 0:10 | Build | Town Center |
| 0:11 | Build | Town Center |
| 0:28 | Build | Market |
| 0:28 | Build | Market |
| 0:29 | Build | Market |
| 0:29 | Build | Market |
| 0:30 | Build | Market |
| 0:30 | Build | Market |
| 0:31 | Build | Market |
| 0:31 | Build | Market |
| 0:32 | Build | Market |
| 0:32 | Build | Market |
| 0:32 | Build | Market |
| 0:33 | Build | Market |
| 0:35 | Build | Market |
| 0:35 | Build | Market |
| 0:35 | Build | Market |
| 0:36 | Build | Market |
| 0:36 | Build | Market |
| 0:37 | Build | Market |
| 0:37 | Build | Market |
| 0:45 | Create | Villager (Male) ×5 |
| 0:46 | Create | Villager (Male) ×5 |
| 0:46 | Create | Villager (Male) ×5 |
| 0:46 | Create | Villager (Male) ×5 |
| 0:50 | Create | Villager (Male) ×5 |
| 0:50 | Create | Villager (Male) ×5 |
| 0:51 | Create | Villager (Male) ×5 |
| 0:51 | Create | Villager (Male) ×5 |
| 1:07 | Build | Town Center |
| 1:14 | Build | Town Center |
| 1:17 | Build | Town Center |
| 1:18 | Build | Town Center |
| 1:20 | Build | Town Center |
| 1:25 | Build | Town Center |
| 1:27 | Build | Town Center |
| 1:30 | Build | Town Center |
| 1:33 | Build | Town Center |
| 2:14 | Build | House |
| 2:14 | Build | House |
| 2:15 | Build | House |
| 2:15 | Build | House |
| 2:16 | Build | House |
| 2:16 | Build | House |
| 2:17 | Build | House |
| 2:17 | Build | House |
| 2:18 | Build | House |
| 2:18 | Build | House |
| 2:19 | Build | House |
| 2:19 | Build | House |
| 2:20 | Build | House |
| 2:20 | Build | House |
| 2:21 | Build | House |
| 2:22 | Build | House |
| 2:22 | Build | House |
| 2:23 | Build | House |
| 2:24 | Build | House |
| 2:24 | Build | House |
| 2:30 | Create | Villager (Male) ×5 |
| 2:30 | Create | Villager (Male) |
| 2:31 | Create | Villager (Male) ×5 |
| 2:31 | Create | Villager (Male) ×5 |
| 2:31 | Create | Villager (Male) ×5 |
| 2:32 | Create | Villager (Male) ×5 |
| 2:32 | Create | Villager (Male) ×5 |
| 2:32 | Create | Villager (Male) ×5 |
| 2:33 | Create | Villager (Male) ×5 |
| 2:33 | Create | Villager (Male) ×5 |
| 2:33 | Create | Villager (Male) ×5 |
| 2:34 | Create | Villager (Male) ×5 |
| 2:34 | Create | Villager (Male) ×5 |
| 2:34 | Create | Villager (Male) ×5 |
| 2:35 | Create | Villager (Male) ×5 |
| 2:35 | Create | Villager (Male) ×5 |
| 2:35 | Create | Villager (Male) ×5 |
| 2:36 | Create | Villager (Male) ×5 |
| 2:46 | Create | Villager (Male) ×5 |
| 2:46 | Create | Villager (Male) ×5 |
| 2:46 | Create | Villager (Male) ×5 |
| 2:47 | Create | Villager (Male) ×5 |
| 3:22 | Build | Stone Wall |
| 3:32 | Build | Stone Wall |
| 3:50 | Build | Stone Wall |
| 4:09 | Build | Town Center |
| 4:29 | Create | Trade Cart |
| 4:29 | Create | Trade Cart |
| 4:30 | Create | Trade Cart ×5 |
| 4:30 | Create | Trade Cart ×5 |
| 4:30 | Create | Trade Cart ×5 |
| 4:31 | Create | Trade Cart ×5 |
| 4:31 | Create | Trade Cart ×5 |
| 4:31 | Create | Trade Cart ×5 |
| 4:32 | Create | Trade Cart ×5 |
| 4:32 | Create | Trade Cart ×5 |
| 4:35 | Create | Trade Cart ×5 |
| 4:36 | Create | Trade Cart ×5 |
| 4:36 | Create | Trade Cart ×5 |
| 4:36 | Create | Trade Cart ×5 |
| 4:39 | Create | Trade Cart ×5 |
| 4:39 | Create | Trade Cart ×5 |
| 4:39 | Create | Trade Cart |
| 4:50 | Build | Farm |
| 4:51 | Build | Farm |
| 4:52 | Build | Farm |
| 4:54 | Build | Farm |
| 4:56 | Build | Farm |
| 4:57 | Build | Farm |
| 4:58 | Build | Farm |
| 4:59 | Build | Farm |
| 5:01 | Build | Farm |
| 5:01 | Build | Farm |
| 5:03 | Build | Farm |
| 5:04 | Build | Farm |
| 5:05 | Build | Farm |
| 5:08 | Build | Farm |
| 5:08 | Build | Farm |
| 5:09 | Build | Farm |
| 5:09 | Build | Farm |
| 5:10 | Build | Farm |
| 5:12 | Build | Farm |
| 5:12 | Build | Farm |
| 5:13 | Build | Farm |
| 5:13 | Build | Farm |
| 5:14 | Build | Farm |
| 5:15 | Build | Farm |
| 5:16 | Build | Farm |
| 5:16 | Build | Farm |
| 5:17 | Build | Farm |
| 5:17 | Build | Farm |
| 5:18 | Build | Farm |
| 5:18 | Build | Farm |
| 5:18 | Build | Farm |
| 5:19 | Build | Farm |
| 5:19 | Build | Farm |
| 5:20 | Build | Farm |
| 5:21 | Build | Farm |
| 5:22 | Build | Farm |
| 5:22 | Build | Farm |
| 5:24 | Build | Farm |
| 5:24 | Build | Farm |
| 5:24 | Build | Farm |
| 5:26 | Build | Farm |
| 5:27 | Build | Farm |
| 5:27 | Build | Farm |
| 5:40 | Build | Lumber Camp |
| 5:48 | Create | Villager (Male) ×5 |
| 5:48 | Create | Villager (Male) ×5 |
Build order — Chim Cu Đi Tắm
First 150 of 738 actions detected
| 0:02 | Create | Villager (Male) |
| 0:03 | Create | Villager (Male) |
| 0:03 | Create | Villager (Male) |
| 0:06 | Build | House |
| 0:12 | Build | Town Center |
| 0:13 | Create | Villager (Male) |
| 0:13 | Create | Villager (Male) |
| 0:14 | Create | Villager (Male) |
| 0:14 | Create | Villager (Male) |
| 0:15 | Create | Villager (Male) |
| 0:16 | Create | Villager (Male) |
| 0:16 | Create | Villager (Male) |
| 0:17 | Create | Villager (Male) |
| 0:20 | Create | Villager (Male) |
| 0:20 | Create | Villager (Male) |
| 0:24 | Build | Town Center |
| 0:24 | Create | Villager (Male) |
| 0:25 | Create | Villager (Male) |
| 0:25 | Create | Villager (Male) |
| 0:35 | Build | Market |
| 0:39 | Build | Market |
| 0:43 | Build | Market |
| 0:47 | Create | Villager (Male) |
| 0:47 | Create | Villager (Male) |
| 0:54 | Build | Town Center |
| 0:55 | Create | Villager (Male) |
| 1:09 | Build | House |
| 1:12 | Build | House |
| 1:14 | Build | House |
| 1:15 | Build | House |
| 1:17 | Build | House |
| 1:20 | Build | House |
| 1:22 | Build | House |
| 1:24 | Build | House |
| 1:25 | Build | House |
| 1:26 | Build | House |
| 1:27 | Build | House |
| 1:28 | Create | Villager (Male) |
| 1:28 | Create | Villager (Male) |
| 1:30 | Create | Villager (Male) |
| 1:31 | Create | Villager (Male) |
| 1:31 | Create | Villager (Male) |
| 1:32 | Create | Villager (Male) |
| 1:32 | Create | Villager (Male) |
| 1:33 | Create | Villager (Male) |
| 1:33 | Create | Villager (Male) |
| 1:34 | Create | Villager (Male) |
| 1:35 | Create | Villager (Male) |
| 1:35 | Create | Villager (Male) |
| 1:35 | Create | Villager (Male) |
| 1:36 | Create | Villager (Male) |
| 1:36 | Create | Villager (Male) |
| 1:40 | Build | Town Center |
| 1:41 | Create | Villager (Male) |
| 1:43 | Create | Villager (Male) ×5 |
| 1:43 | Create | Villager (Male) ×5 |
| 1:44 | Create | Villager (Male) ×5 |
| 1:58 | Create | Villager (Male) |
| 1:59 | Create | Villager (Male) |
| 2:00 | Create | Villager (Male) |
| 2:06 | Create | Villager (Male) |
| 2:07 | Create | Villager (Male) |
| 2:07 | Create | Villager (Male) |
| 3:08 | Create | Villager (Male) |
| 3:11 | Create | Villager (Male) |
| 3:17 | Build | Mining Camp |
| 3:17 | Create | Villager (Male) |
| 3:18 | Create | Villager (Male) |
| 3:23 | Create | Trade Cart ×5 |
| 3:23 | Create | Trade Cart ×5 |
| 3:24 | Create | Trade Cart ×5 |
| 3:24 | Create | Trade Cart ×5 |
| 3:42 | Create | Villager (Male) |
| 3:45 | Create | Villager (Male) ×5 |
| 3:45 | Create | Villager (Male) ×5 |
| 3:46 | Create | Villager (Male) ×5 |
| 3:46 | Create | Villager (Male) ×5 |
| 3:47 | Create | Villager (Male) ×5 |
| 3:50 | Build | Farm |
| 3:51 | Build | Farm |
| 3:52 | Build | Farm |
| 3:53 | Build | Farm |
| 3:55 | Create | Villager (Male) ×5 |
| 3:55 | Create | Villager (Male) ×5 |
| 3:58 | Build | House |
| 3:59 | Build | House |
| 4:14 | Build | Town Center |
| 4:16 | Create | Villager (Male) |
| 4:17 | Create | Villager (Male) |
| 4:17 | Create | Villager (Male) |
| 4:18 | Create | Villager (Male) |
| 4:19 | Create | Villager (Male) |
| 4:20 | Create | Villager (Male) |
| 4:21 | Create | Villager (Male) |
| 4:25 | Build | Farm |
| 4:26 | Build | Farm |
| 4:27 | Create | Villager (Male) |
| 4:28 | Create | Villager (Male) |
| 4:29 | Create | Villager (Male) |
| 4:38 | Create | Trade Cart ×5 |
| 4:38 | Create | Trade Cart ×5 |
| 4:39 | Create | Trade Cart ×5 |
| 4:42 | Create | Villager (Male) |
| 4:46 | Build | House |
| 4:48 | Build | House |
| 4:58 | Create | Villager (Male) ×5 |
| 4:59 | Create | Villager (Male) ×5 |
| 4:59 | Create | Villager (Male) ×5 |
| 4:59 | Create | Villager (Male) ×5 |
| 5:00 | Create | Villager (Male) ×5 |
| 5:08 | Create | Villager (Male) |
| 5:09 | Create | Villager (Male) |
| 5:16 | Build | Farm |
| 5:18 | Build | Farm |
| 5:19 | Build | Farm |
| 5:20 | Build | Farm |
| 5:21 | Build | Farm |
| 5:23 | Build | Farm |
| 5:24 | Build | Farm |
| 5:25 | Build | Farm |
| 5:26 | Build | Farm |
| 5:27 | Build | Farm |
| 5:28 | Build | Farm |
| 5:30 | Build | Farm |
| 5:31 | Build | Farm |
| 5:31 | Build | Farm |
| 5:33 | Build | Farm |
| 5:35 | Build | Mill |
| 5:37 | Build | Farm |
| 5:38 | Build | Farm |
| 5:40 | Build | Farm |
| 5:41 | Build | Farm |
| 5:42 | Create | Villager (Male) |
| 5:44 | Create | Villager (Male) |
| 5:45 | Create | Villager (Male) |
| 5:53 | Build | Farm |
| 5:54 | Build | Farm |
| 5:55 | Build | Farm |
| 5:57 | Build | Farm |
| 5:59 | Create | Villager (Male) |
| 6:00 | Create | Villager (Male) |
| 6:04 | Build | Lumber Camp |
| 6:12 | Create | Trade Cart ×5 |
| 6:13 | Create | Trade Cart ×5 |
| 6:13 | Create | Trade Cart ×5 |
| 6:13 | Create | Trade Cart ×5 |
| 6:14 | Create | Trade Cart ×4 |
| 6:24 | Create | Trade Cart |
| 6:30 | Create | Villager (Male) |
| 6:32 | Create | Villager (Male) |
Match timeline
| 0:28 | ANCIANO · first_market_buy 500 stone |
| 3:22 | Sneaky Turtle · wall_segment Stone Wall x53 |
| 3:31 | Chim Cu Đi Tắm · first_market_buy 100 stone |
| 3:32 | Sneaky Turtle · wall_segment Stone Wall x15 |
| 3:50 | Sneaky Turtle · wall_segment Stone Wall x18 |
| 5:23 | Animality · first_building Castle |
| 5:26 | ANCIANO · first_building Castle |
| 5:29 | 風速蛋蛋 · first_building Castle |
| 6:31 | Sneaky Turtle · first_building Castle |
| 6:57 | HarD · first_market_buy 500 stone |
| 7:03 | ANCIANO · first_market_sell 100 food |
| 7:18 | Chim Cu Đi Tắm · wall_segment Stone Wall x13 |
| 7:22 | Chim Cu Đi Tắm · wall_segment Stone Wall x3 |
| 7:27 | HarD · first_building Castle |
| 7:48 | Chim Cu Đi Tắm · first_building Castle |
| 8:55 | Chim Cu Đi Tắm · first_building Stable |
| 9:00 | Animality · wall_segment Stone Wall x58 |
| 9:20 | Animality · first_building Siege Workshop |
| 10:20 | HarD · wall_segment Stone Wall x40 |
| 10:21 | Chim Cu Đi Tắm · first_building Siege Workshop |
| 10:41 | Chim Cu Đi Tắm · wall_segment Stone Wall x8 |
| 11:36 | Animality · wall_segment Stone Wall x23 |
| 11:37 | HarD · wall_segment Stone Wall x12 |
| 11:39 | Sneaky Turtle · first_building Siege Workshop |
| 11:40 | HarD · wall_segment Stone Wall x7 |
| 11:40 | 風速蛋蛋 · first_building Siege Workshop |
| 11:45 | HarD · wall_segment Stone Wall x8 |
| 11:55 | Animality · first_building Stable |
| 12:27 | Animality · wall_segment Stone Wall x1 |
| 12:34 | Animality · wall_segment Stone Wall x1 |
| 12:38 | Animality · wall_segment Stone Wall x4 |
| 12:39 | Sneaky Turtle · first_building Barracks |
| 13:06 | HarD · wall_segment Stone Wall x49 |
| 13:07 | Sneaky Turtle · first_building Archery Range |
| 13:10 | HarD · wall_segment Stone Wall x7 |
| 13:12 | ANCIANO · first_building Barracks |
| 13:13 | 風速蛋蛋 · wall_segment Stone Wall x1 |
| 13:17 | HarD · wall_segment Stone Wall x2 |
| 13:24 | 風速蛋蛋 · wall_segment Stone Wall x58 |
| 13:24 | Sneaky Turtle · first_building Stable |
| 13:27 | ANCIANO · first_building Siege Workshop |
| 14:05 | HarD · wall_segment Stone Wall x54 |
| 14:16 | HarD · wall_segment Stone Wall x12 |
| 14:38 | HarD · first_building Siege Workshop |
| 15:09 | HarD · wall_segment Stone Wall x54 |
| 15:15 | HarD · wall_segment Stone Wall x8 |
| 15:49 | Animality · wall_segment Stone Wall x3 |
| 15:55 | Animality · wall_segment Stone Wall x14 |
| 16:38 | Animality · wall_segment Stone Wall x84 |
| 16:57 | HarD · first_building Stable |
| 17:08 | 風速蛋蛋 · first_building Barracks |
| 18:08 | Animality · first_building Archery Range |
| 18:14 | 風速蛋蛋 · wall_segment Stone Wall x26 |
| 18:17 | 風速蛋蛋 · wall_segment Stone Wall x5 |
| 18:32 | Animality · wall_segment Stone Wall x9 |
| 21:01 | Sneaky Turtle · first_market_buy 100 stone |
| 21:08 | Chim Cu Đi Tắm · first_market_sell 100 wood |
| 21:36 | 風速蛋蛋 · wall_segment Stone Wall x31 |
| 22:52 | 風速蛋蛋 · wall_segment Stone Wall x11 |
| 23:25 | 風速蛋蛋 · wall_segment Stone Wall x32 |
| 25:19 | 風速蛋蛋 · wall_segment Stone Wall x9 |
| 34:08 | 風速蛋蛋 · tribute_sent a jugador 1 |
| 34:08 | 風速蛋蛋 · tribute_sent a jugador 2 |
| 34:08 | 風速蛋蛋 · tribute_sent a jugador 4 |
| 34:08 | 風速蛋蛋 · tribute_sent a jugador 5 |
| 34:09 | 風速蛋蛋 · tribute_sent a jugador 6 |
| 37:56 | 風速蛋蛋 · resign |
[ AI ANALYSIS · 1 CREDIT ]
What really happened in this match?
Wolo.gg analyzes every decision: build order, eco, micro, common mistakes by bracket. Personalized analysis on WhatsApp or Discord in 30 seconds.
Civ guide
Aztecs
Map guide
Michi
Perfil
ANCIANO